 Dungeon Crawl Stone Soup version 0.18.1-5-g4a78601 (webtiles) character file.

1341 Gingerlord the Agent of Entropy (level 8, 0/64 HPs)
             Began as a Formicid Abyssal Knight on May 11, 2016.
             Was a Priest of Lugonu.
             Succumbed to Sigmund's poison
             ... on level 4 of the Dungeon.
             The game lasted 00:16:52 (8305 turns).

Gingerlord the Agent of Entropy (FoAK)              Turns: 8305, Time: 00:16:52

Health: 0/64       AC: 11    Str: 19    XL:     8   Next: 93%
Magic:  12/12      EV:  9    Int: 11    God:    Lugonu [***...]
Gold:   220        SH:  0    Dex: 11    Spells: 0 memorised, 7 levels left

rFire  . . .     SeeInvis +     a - +1 falchion
rCold  . . .     Gourm    .     s - +0 chain mail
rNeg   . . .     Faith    .     (no shield)
rPois  .         Spirit   .     (helmet unavailable)
rElec  .         Dismiss  +     q - +0 cloak
rCorr  .         Reflect  .     (no gloves)
SustAt .         Harm     .     (no boots)
MR     .....                    e - amulet of dismissal
Stlth  ..........               (no ring)
                                (no ring)

@: lethally poisoned (0 -> -1), not resistant to hostile enchantments, extremely
unstealthy
A: permanent stasis, dig shafts and tunnels, four strong arms, antennae 3
a: Dig, Shaft Self, Depart the Abyss, Bend Space, Banish, Renounce Religion


You were on level 4 of the Dungeon.
You worshipped Lugonu.
Lugonu was most pleased with you.
You were not hungry.

You visited 1 branch of the dungeon, and saw 6 of its levels.
You visited the Abyss 1 time.

You collected 276 gold pieces.
You spent 56 gold pieces at shops.

Inventory:

Hand Weapons
 a - a +1 falchion (weapon)
Armour
 q - a +0 cloak (worn)
 s - a +0 chain mail (worn)
Jewellery
 d - an uncursed ring of fire
 e - an amulet of dismissal (around neck)
Wands
 o - a wand of acid (9/15)
Scrolls
 f - 2 scrolls of enchant armour
 g - a scroll of fog
 l - 4 scrolls of remove curse
 n - a scroll of identify
Potions
 h - 2 potions of brilliance
 i - a potion of cure mutation
 m - 2 potions of flight
Comestibles
 c - 2 bread rations
 k - 2 royal jellies


   Skills:
 + Level 5.7 Fighting
 + Level 4.8 Long Blades
 + Level 5.1 Armour
 + Level 4.3 Dodging
 + Level 6.1 Invocations


You had 7 spell levels left.
You didn't know any spells.

Dungeon Overview and Level Annotations

Branches:
Dungeon (6/15)             Temple (0/1) D:5

Altars:
Fedhas
Pakellas
Trog
Vehumet

Shops:
D:5 ?

Annotations:
D:5 Sigmund
Abyss:1 Menkaure


Innate Abilities, Weirdness & Mutations

You are under a permanent stasis effect.
You can dig through walls and to a lower floor.
Your four strong arms can wield two-handed weapons with a shield.
You have a pair of large antennae on your head (SInv).


Message History

You feel sick.
* * * LOW HITPOINT WARNING * * *
You feel sick.
* * * LOW HITPOINT WARNING * * *
You feel sick.
* * * LOW HITPOINT WARNING * * *
You feel sick.
* * * LOW HITPOINT WARNING * * *
You feel sick.
* * * LOW HITPOINT WARNING * * *
You feel sick.
* * * LOW HITPOINT WARNING * * *
You feel sick.
* * * LOW HITPOINT WARNING * * *
You feel sick.
* * * LOW HITPOINT WARNING * * *
You feel sick.
* * * LOW HITPOINT WARNING * * *
You feel sick.
You die...

####..#########.#######.####....#
#..#..# #.# #.# #....# #..#..#
#.# #.# #....# #..#..#########.#
#.# #.....
#..#.......)....#######.## #.....
...#.........##..##......###)....
.............#8..8#.###..........
#.....######........# #..)#.#....
#...............@...###...#.#....
#.###.####..##8[.8#.......#.#####
#.#..........##..##..............
....#.##.#..#...#.#.#..#..#..###.
..###.##.#..#.###.#.#..........#.
..# #.##.#..#.....#.##.#####.#.#.
..# #.##.#..#######.##.# #...#.
..# #.##.#..........##.# ##..#.
.[# #.......##########.######..#.


There were no monsters in sight!

Vanquished Creatures
  Pikel (D:5)
  An ice beast (D:5)
  2 slaves
  An ogre (D:6)
  A giant frog (D:4)
  A howler monkey (D:4)
  A crimson imp (D:6)
  A jelly (D:5)
  2 hounds
  An iguana (D:4)
  Terence (D:3)
  An orc wizard (D:4)
  2 worker ants (D:4)
  4 gnolls
  7 adders
  A shadow imp (D:5)
  An ooze (D:1)
  A worm (D:2)
  4 dart slugs
  9 giant geckos
  7 orcs
  A ball python (D:4)
  15 bats
  11 giant cockroaches
  9 goblins
  6 hobgoblins
  15 jackals
  7 kobolds
  A quokka (D:6)
  8 giant newts
  4 rats
127 creatures vanquished.

Notes
Turn   | Place    | Note
--------------------------------------------------------------
     0 | Abyss:1  | Gingerlord the Formicid Abyssal Knight began the quest for the Orb.
     0 | Abyss:1  | Reached XP level 1. HP: 18/18 MP: 2/2
     6 | D:1      | Escaped the Abyss
    51 | D:1      | Reached skill level 1 in Dodging
    77 | D:1      | Reached XP level 2. HP: 11/24 MP: 3/3
   411 | D:1      | Reached XP level 3. HP: 19/29 MP: 4/4
   589 | D:1      | Reached ** piety under Lugonu
  1035 | D:1      | Reached skill level 3 in Invocations
  1461 | D:2      | Reached XP level 4. HP: 33/36 MP: 6/6
  1508 | D:2      | Found a blossoming altar of Fedhas.
  2031 | D:2      | Reached XP level 5. HP: 42/42 MP: 7/7
  2161 | D:2      | Found a faded altar to an unknown god.
  2364 | D:3      | Noticed Terence
  2388 | D:3      | Killed Terence
  2741 | D:3      | Found a radiant altar of Vehumet.
  2773 | D:3      | Reached *** piety under Lugonu
  3479 | D:4      | Noticed a giant frog
  3616 | D:4      | Reached XP level 6. HP: 38/48 MP: 8/8
  3675 | D:4      | Reached skill level 4 in Invocations
  3890 | D:5      | Entered Level 5 of the Dungeon
  3895 | D:5      | Found Rirampaff's Magic Scroll Boutique.
  4157 | D:5      | Bought a scroll of identify for 28 gold pieces
  4157 | D:5      | Bought a scroll of identify for 28 gold pieces
  4363 | D:4      | Reached XP level 7. HP: 50/55 MP: 10/10
  4658 | D:4      | Reached **** piety under Lugonu
  5094 | D:5      | Found a staircase to the Ecumenical Temple.
  5203 | D:5      | Noticed Menkaure
  5205 | D:5      | Noticed Sigmund
  5465 | D:5      | Found a bloodstained altar of Trog.
  5556 | D:5      | Noticed Pikel
  5632 | D:5      | HP: 2/55 [slave[Pikel] (2)]
  6397 | D:5      | Banished Menkaure
  7004 | D:6      | Reached skill level 5 in Invocations
  7133 | D:6      | Found an oddly glowing altar of Pakellas.
  7208 | D:6      | Reached skill level 5 in Fighting
  7208 | D:6      | Reached XP level 8. HP: 6/62 MP: 11/11
  7659 | D:5      | Killed Pikel
  7659 | D:5      | Reached skill level 5 in Armour
  7659 | D:5      | Reached skill level 6 in Invocations
  8293 | D:4      | HP: 3/64 [poisoned by Sigmund]
  8299 | D:4      | HP: 1/64 [poisoned by Sigmund]
  8305 | D:4      | Succumbed to Sigmund's poison

Skill      XL: |  1  2  3  4  5  6  7  8 |
---------------+-------------------------+-----
Dodging        | 1 2 3 4 |  4.3
Invocations    | 3 4 5 6 |  6.1
Fighting       | 4 5 |  5.7
Armour         | 3 4 5 |  5.1
Long Blades    | 3 4 |  4.8

Action                   |  1- 3 |  4- 6 |  7- 9 || total
-------------------------+-------+-------+-------++-------
Melee: Falchion          |   126 |   277 |   328 ||   731
Invok: Bend Space        |       |       |     5 ||     5
       Banish            |       |       |     1 ||     1
  Use: Scroll            |       |    11 |     1 ||    12
       Potion            |       |     2 |     4 ||     6
  Eat: Chunk             |     1 |     9 |     8 ||    18
       Pizza             |       |       |     2 ||     2
       Beef jerky        |       |       |     1 ||     1
       Royal jelly       |       |       |     1 ||     1
       Fruit             |       |       |     1 ||     1
Armor: Leather armour    |    25 |       |       ||    25
       Ring mail         |    26 |    34 |       ||    60
       Scale mail        |       |   124 |    41 ||   165
       Chain mail        |       |       |   129 ||   129
       Skin              |       |       |    16 ||    16
Dodge: Dodged            |    89 |   225 |   150 ||   464
